Ludex, chaotic male human Priest ----- #....| #|<%.| #|%...# #-%[.|# #---.-# # # #PP & `###### # --|-.- ##-....| |..#.- |....| |...`| |....| ------ Ludex the Acolyte Experience level: 5 Strength: 12 Dexterity: 13 Constitution: 11 Intelligence: 10 Wisdom: 18 Charisma: 11 Health: 0(72) Energy: 32(55) Def: 12 Gold: 131 Moves: 943 Dungeon seed: j-ieRG0_LFcBx5WB Game ID: Ludex_1521377756 Your Inventory: Coins $ - 131 gold pieces Weapons a - a blessed +1 mace Armor e - an uncursed thoroughly corroded +0 orcish helm (weapon in foreclaw) n - a blessed +0 small shield (being worn) q - an uncursed +0 pair of iron shoes Comestibles c - an uncursed clove of garlic d - an uncursed sprig of wolfsbane Scrolls i - an uncursed scroll of identify l - an uncursed scroll of remove curse p - a blessed scroll of confuse monster Potions b - 4 potions of holy water j - an uncursed potion of wonder k - an uncursed potion of confusion m - an uncursed potion of extra healing r - a cursed potion of levitation Wands o - an uncursed wand of striking (0:4) Tools h - an uncursed oil lamp (0:1447) Spells and supernatural/magical abilities: Name Level Category Fail Memory O - create monster 2 clerical 0% 99% U - detect unseen 3 divination 92% 99% W - pray for help -- divine ? -- X - turn undead -- divine ? -- Your skills at the end: Fighting Skills wands [Basic] Weapon Skills mace [Basic] Spellcasting Skills clerical spells [Basic] Final Attributes: You were immune to fire. You were immune to poison. You were level-drain resistant. You were resistant to death magic. You had infravision. You were permanently polymorphed into a bone devil. You could not change form. You are dead. Vanquished creatures: 2 rock piercers a pony a yellow light 3 gnome lords 4 dwarves a giant bat an acid blob a coyote 5 giant rats a yellow mold 17 gnomes a gecko 3 jackals a goblin 2 sewer rats a bat 2 lichens 2 newts 49 creatures vanquished. Voluntary challenges: You went without food. You were an atheist. You used a wielded weapon 52 times, starting on turn 2. You read items or engraved 11 times, starting on turn 6. You never genocided any monsters. You never polymorphed an object. You never changed form. You used no wishes. You split 4 puddings, starting on turn 920. You never wrote Elbereth's name. You never violated your personal moral code. Dungeon overview: The Dungeons of Doom: levels 1 to 4 Level 1 a long staircase Level 2 Level 3 stairs to The Gnomish Mines Level 4 <- You were here a sink The Gnomish Mines: levels 4 to 6 Level 4 stairs to The Dungeons of Doom Level 5 Level 6 History has recorded: On T:1 you entered the Dungeons of Doom to retrieve the Amulet of Yendor! On T:53 you reached level 2 of The Dungeons of Doom. On T:201 you reached level 3 of The Dungeons of Doom. On T:326 you advanced to experience level 2. On T:431 you reached level 1 of The Gnomish Mines. On T:472 you advanced to experience level 3. On T:497 you reached level 2 of The Gnomish Mines. On T:521 you advanced to experience level 4. On T:633 you advanced to experience level 5. On T:737 you reached level 3 of The Gnomish Mines. On T:860 you reached level 4 of The Dungeons of Doom. Score breakdown: Gold: 131 ( 7213 points) Experience: 5 levels (11141 points) Exploration: 6 levels ( 13.04%) (10000 points) Discoveries: 1 item ( 0.33%) ( 1732 points) Valuables value: (no points given unless you survive) Artifact value: 0 ( 0 points) Variety of kills: 18 monsters ( 4.74%) ( 6529 points) Turncount: 943 turns ( 0 points) Survival: died (score multiplied by 80%) Total score: 29292 Latest messages: Your iron skull cap corrodes further! You sting the black pudding. The black pudding bites! The black pudding misses. The black pudding bites! You start equipping your pair of hard shoes. You stop changing your equipment. The black pudding bites! You continue equipping your pair of hard shoes. You stop changing your equipment. The black pudding divides as you hit it! Your iron skull cap corrodes completely! You sting the black pudding. The black pudding bites! The door resists! The door opens. The black pudding divides as you hit it! Your iron skull cap looks completely corroded. You sting the black pudding. The black pudding bites! Final status: Goodbye Ludex the Priest, killed by a black pudding, while stuck in monster form... You died in The Dungeons of Doom on dungeon level 4 with 29292 points, and 131 pieces of gold, after 943 moves. You were level 5 with a maximum of 45 hit points when you died.